 Dungeon Crawl Stone Soup version 0.29.1-1-gd02db6906a (webtiles) character file.

Game seed: 1449921888837005810

1505 hawla the Zephyrmancer (level 9, 0/64 HPs)
             Began as a Meteoran Air Elementalist on Oct 18, 2022.
             Was a Follower of Vehumet.
             Slain by a sun demon (15 damage)
             ... summoned by a kobold demonologist
             ... on level 6 of the Dungeon.
             The game lasted 00:15:59 (3342 turns).

hawla the Zephyrmancer (Meteoran Air Elementalist)  Turns: 3342, Time: 00:16:00

Health: 0/64       AC:  5    Str: 11    XL:     9   Next: 29%
Magic:  3/21       EV: 17    Int: 20    God:    Vehumet [*.....]
Gold:   301        SH:  0    Dex: 15    Spells: 16/23 levels left

rFire   . . .      SeeInvis .   (no weapon)
rCold   . . .      Faith    .   (no shield)
rNeg    . . .      Spirit   .   a - +1 robe
rPois   .          Reflect  .   i - +1 helmet
rElec   .          Harm     .   (no cloak)
rCorr   .          Rampage  .   (no gloves)
Will    +....                   (no boots)
Stlth   +.........              (no amulet)
HPRegen 0.20/turn               f - +4 ring of evasion
MPRegen 0.17/turn               (no ring)

@: glowing
A: sense surroundings 2, otherworldly, glowing, explore regen
a: Renounce Religion


You were on level 6 of the Dungeon.
You worshipped Vehumet.
Vehumet was aware of your devotion.
You visited 2 branches of the dungeon, and saw 7 of its levels.

You collected 385 gold pieces.
You spent 84 gold pieces at shops.

Inventory:

Armour
 a - a +1 robe (worn)
 i - a +1 helmet (worn)
Jewellery
 f - a +4 ring of evasion (left hand)
 o - a ring of fire
Wands
 c - a wand of polymorph (8)
 d - a wand of digging (7)
Scrolls
 p - a scroll of amnesia
Potions
 b - a potion of attraction {unknown}
 g - a potion of resistance
 h - 3 potions of mutation {unknown}
 j - 3 potions of might
 k - a potion of curing
 l - 3 potions of flight
 m - 2 potions of invisibility {unknown}
 n - 4 potions of heal wounds {unknown}


   Skills:
 + Level 1.1 Fighting
 + Level 3.5 Dodging
 - Level 1.4 Stealth
 - Level 0.2 Unarmed Combat
 + Level 7.5 Spellcasting
 + Level 4.4 Conjurations
 + Level 9.8 Air Magic


You had 16 spell levels left.
You knew the following spells:

 Your Spells              Type           Power      Damage    Failure   Level
a - Shock                 Conj/Air       100%       1d9       1%          1
b - Static Discharge      Conj/Air       36%        3-8/arc   1%          2
c - Airstrike             Air            23%        2d(4-20)  1%          4

Your spell library contained the following spells:

 Spells                   Type           Power      Damage    Failure   Level
 Freeze                   Ice            28%        1d5       9%          1
 Magic Dart               Conj           100%       1d8       1%          1
 Swiftness                Air            47%        N/A       1%          3
 Mephitic Cloud           Conj/Pois/Air  26%        N/A       3%          3
 Apportation              Tloc           14%        N/A       9%          1
 Beastly Appendage        Tmut           14%        N/A       9%          1
 Necrotise                Necr           28%        1d5       9%          1
 Summon Small Mammal      Summ           28%        N/A       9%          1
 Call Imp                 Summ           7%         N/A       14%         2
 Wereblood                Tmut           7%         N/A       14%         2
 Call Canine Familiar     Summ           7%         N/A       26%         3
 Spider Form              Tmut/Pois      7%         N/A       26%         3
 Summon Guardian Golem    Hex/Summ       7%         N/A       26%         3
 Orb of Destruction       Conj           12%        9d7       100%        7
 Spellforged Servitor     Conj/Summ      8%         N/A       100%        7


Dungeon Overview and Level Annotations

Branches:
Dungeon (6/15) Zot: 399    Temple (1/1) D:4 Zot: 458

Altars:
Ashenzari
Dithmenos
Elyvilon
Fedhas
Gozag
Hepliaklqana
Kikubaaqudgha
Nemelex Xobeh
Okawaru
Qazlal
Sif Muna
Trog
Vehumet
Wu Jian
Xom
Yredelemnul
Zin
The Shining One

Shops:
D:2 !   D:5 ?

Annotations:
D:6 1 transporter


Innate Abilities, Weirdness & Mutations

You passively map the area around you.
You are easily found by Zot.
You glow in the dark.
You regain HP and MP as you explore.


Message History

The plant begins to die.
The plant is lightly damaged.
The plant is struck by an arc of lightning!
The plant begins to die.
The plant is lightly damaged.
The plant is struck by an arc of lightning!
The plant is lightly damaged.
The lightning grounds out.
The kobold demonologist mumbles some strange words.
The hellwing completely misses you. The hellwing hits you!
The kobold demonologist casts a cantrip, but nothing happens.
Casting: Static Discharge (safe; 1% risk of failure)
Confirm with . or Enter, or press ? or * to list all spells.
Aiming: Airstrike (dangerous; 1% risk of failure)
Press: ? - help, Dir - move target, f - kobold demonologist
Aim: a kobold demonologist, wielding a +0 dagger and wearing a +0 robe (empty space bonus: 3/8)
The air twists around and strikes the kobold demonologist!
The kobold demonologist is moderately wounded.
The hellwing hits you! The hellwing hits you.
As you read the scroll of butterflies, it crumbles to dust.
You hear the tinkle of a tiny bell.
The sun demon misses you. The hellwing barely misses you.
The hellwing hits you but does no damage.
You swap places.
A nearby plant withers and dies.
The sun demon hits your butterfly.
Your butterfly dies!
Your butterfly disappears in a burst of colours!
The shadow imp completely misses your butterfly.
The hellwing closely misses your butterfly.
The hellwing hits your butterfly.
Your butterfly dies!
Your butterfly disappears in a burst of colours!
You hit the plant.
The plant is lightly damaged.
A nearby plant withers and dies.
The iron imp barely misses your butterfly.
The sun demon hits you!!
* * * LOW HITPOINT WARNING * * *
You are engulfed in flames!
You die...

~..##...#.≈...≈.#.#
.....$..#.≈...≈5#.#
#####...#.≈~~P≈K#.# ,, ,
.#####..#.≈~♣P≈5#.##* *
* .........#.≈~~~≈5#...
,
*>######..#5≈..5≈K#.#***
* * #..#5≈55.≈5#.# ,
#..####b####.#
#.5#~@34bbP#.# *
#..#8~.©bP8#.# * *
#..#########.# ##### ###
*#......©.....# #....
,#.........?...#####
#.### * *
.............## #.#
#.###.....#### #.# * #.#
##...## ###.# #.#
##$.############...#


You could see a sun demon (summoned, ally target), a hellwing (summoned, ally
target), 2 kobold demonologists, an iron imp (summoned), a quasit (summoned), a
crimson imp (summoned, ally target), a white imp, 5 shadow imps and an ufetubus
(summoned).

Vanquished Creatures
  Grinder (D:3)
  Eustachio (D:4)
  A water moccasin (D:6)
  An ogre (D:5)
  A gnoll sergeant (D:5)
  2 scorpions
  2 necrophages (D:5)
  A howler monkey (D:4)
  3 orc priests (D:6)
  3 hounds
  2 iguanas
  Natasha (D:4)
  4 orc wizards
  9 gnolls
  9 adders
  A shadow imp (D:5)
  3 worms
  4 dart slugs
  16 orcs
  A ball python (D:2)
  5 endoplasms
  A giant cockroach (D:3)
  13 hobgoblins
  4 jackals (D:2)
  A quokka (D:2)
  A bat (D:2)
  6 frilled lizards
  11 goblins
  12 kobolds
  6 rats
126 creatures vanquished.

Vanquished Creatures (others)
  A ball python (D:1)
  2 plants (D:6)
3 creatures vanquished.

Grand Total: 129 creatures vanquished

Notes
Turn   | Place    | Note
-------+----------+-------------------------------------------
     0 | D:1      | hawla the Meteoran Air Elementalist began the quest for the
                  | Orb.
     0 | D:1      | Reached XP level 1. HP: 14/14 MP: 5/5
    71 | D:1      | Reached XP level 2. HP: 8/20 MP: 0/6
    93 | D:1      | Learned a level 2 spell: Static Discharge
   317 | D:1      | Reached skill level 4 in Air Magic
   500 | D:1      | Glimpsed the power of Zot.
   536 | D:2      | Found a faded altar of an unknown god.
   580 | D:2      | Reached XP level 3. HP: 24/26 MP: 2/8
   645 | D:2      | Reached XP level 4. HP: 26/33 MP: 7/10
   948 | D:2      | Found Ikkusm's Distillery.
   956 | D:2      | Bought a potion of curing for 36 gold pieces
   956 | D:2      | Bought a potion of flight for 36 gold pieces
   956 | D:2      | Bought a potion of degeneration for 12 gold pieces
  1048 | D:3      | Reached XP level 5. HP: 32/39 MP: 6/11
  1107 | D:3      | Learned a level 4 spell: Airstrike
  1233 | D:3      | Noticed Grinder
  1240 | D:3      | Killed Grinder
  1241 | D:3      | Reached skill level 7 in Air Magic
  1241 | D:3      | Reached XP level 6. HP: 33/46 MP: 2/12
  1763 | D:4      | Found an opulent altar of Gozag.
  1776 | D:4      | Reached XP level 7. HP: 47/51 MP: 1/14
  1897 | D:4      | Noticed Eustachio
  1901 | D:4      | Killed Eustachio
  1907 | D:4      | Reached skill level 5 in Spellcasting
  2039 | D:4      | Reached skill level 8 in Air Magic
  2064 | D:4      | Reached XP level 8. HP: 58/58 MP: 13/16
  2143 | D:4      | Found a staircase to the Ecumenical Temple.
  2154 | Temple   | Entered the Ecumenical Temple
  2288 | Temple   | Became a worshipper of Vehumet
  2377 | D:4      | Noticed Natasha
  2380 | D:4      | Killed Natasha
  2424 | D:4      | Found a bloodstained altar of Trog.
  2442 | D:4      | Glimpsed the power of Zot.
  2459 | D:5      | Entered Level 5 of the Dungeon
  2629 | D:5      | Reached skill level 9 in Air Magic
  2794 | D:5      | Reached skill level 1 in Fighting
  2863 | D:5      | Found Qoas's Magic Scroll Emporium.
  2880 | D:5      | Gained mutation: You passively map the area around you.
                  | [Meteoran growth]
  2880 | D:5      | Reached XP level 9. HP: 55/64 MP: 4/20
  3042 | D:5      | Glimpsed the power of Zot.
  3214 | D:6      | Found an iron altar of Okawaru.
  3280 | D:6      | Found a transporter.
  3281 | D:6      | Noticed a kobold demonologist
  3301 | D:6      | Found a blossoming altar of Fedhas.
  3306 | D:6      | Found a transporter.
  3316 | D:6      | Noticed a kobold demonologist
  3325 | D:6      | Reached * piety under Vehumet
  3325 | D:6      | Offered knowledge of Freeze by Vehumet.
  3327 | D:6      | Noticed a hellwing
  3337 | D:6      | Noticed a sun demon
  3342 | D:6      | Slain by a sun demon

Illustrated notes

Levels and vault maps discovered:
D:1:      wander_arrival_abandoned_jail, layout_basic
D:2:      cheibrodos_greedy_goblins, layout_rooms, serial_shops, shop,
          nicolae_ecumenical_oubliette, chequers_serial_rivers_micro_b
D:3:      layout_loops_ring, uniq_grinder
D:4:      layout_loops_corners, trog_book, grunt_gozag_statues,
          minmay_temple_entry_drinking_statues, uniq_eustachio, uniq_natasha
D:5:      layout_basic, nicolae_take_the_stairs
D:6:      gammafunk_wand_slinger, layout_loops_ring, fedhas_altar_2,
          mainiacjoe_overflow_tiny_flanked, dk_vineyard_3
Temple:   nicolae_temple_superstar

Skill      XL: |  1  2  3  4  5  6  7  8  9 |
---------------+----------------------------+-----
Spellcasting   | 3 4 5 6 7 |  7.5
Air Magic      | 4 7 8 9 |  9.8
Conjurations   | 2 3 4 |  4.4
Dodging        | 3 |  3.5
Fighting       | 1 |  1.1
Stealth        | |  1.4
Unarmed Combat | |  0.2

Action                   |  1- 3 |  4- 6 |  7- 9 || total
-------------------------+-------+-------+-------++-------
Melee: Unarmed           |     3 |       |     5 ||     8
 Cast: Shock             |    35 |    39 |    28 ||   102
       Static Discharge  |     7 |    20 |    36 ||    63
       Airstrike         |       |     5 |    33 ||    38
  Use: Scroll            |     3 |     6 |     4 ||    13
       Potion            |       |     1 |       ||     1
Armor: Robe              |    11 |     4 |     8 ||    23
Dodge: Dodged            |    14 |    19 |    24 ||    57
